 Dungeon Sprint DCSS version 0.31-a0-960-g0fca184906 (webtiles) character file.

Game seed: 13058860502084544558

10319 sircluck the Brawler (level 11, -4/130 HPs)
             Began as a Troll Berserker on Oct 23, 2023.
             Was the Champion of Trog.
             Slain by a yaktaur (16 damage)
             ... in the Dungeon (Sprint VII: "The Pits").
             The game lasted 00:03:38 (1033 turns).

sircluck the Brawler (Troll Berserker)              Turns: 1033, Time: 00:03:39

Health: -4/130     AC:  5    Str: 34    XL:     11   Next: 34%
Magic:  10/10      EV: 13    Int:  3    God:    Trog [******]
Gold:   0          SH:  0    Dex:  9    Spells: 10/10 levels left

rFire   . .          .
                       - Unarmed
rCold   . . .        (no shield)
rNeg    . . .        a - +0 animal skin
rPois   .            (helmet restricted)
rElec   .            n - +0 cloak
rCorr   .            (gloves unavailable)
SInv    .            (boots unavailable)
Will    .....        (no amulet)
Stlth   +            m - +3 ring of strength
HPRegen 1.21/turn    (no ring)
MPRegen 0.12/turn

%: no teleportation
@: no status effects
A: large, unfitting armour, claws 3, regeneration 1, shaggy fur 1, tough skin 1
a: Renounce Religion, Berserk, Trog's Hand, Brothers in Arms


You were in the Dungeon.
You worshipped Trog.
Trog was exalted by your worship.
You visited 1 branch

Inventory:

Missiles
 g - 4 large rocks
Armour
 a - a +0 animal skin (worn)
 n - a +0 cloak (worn)
Jewellery
 l - a +3 ring of intelligence
 m - a +3 ring of strength (left claw)
Wands
 k - a wand of mindburst (13)
Scrolls
 i - 2 scrolls of vulnerability
 j - a scroll of butterflies
Potions
 b - 8 potions of curing
 c - 9 potions of heal wounds
 d - 3 potions of haste
 e - 4 potions of magic
 f - 4 potions of berserk rage
 h - 2 potions of invisibility


   Skills:
 + Level 14.2 Fighting
 + Level 14.1 Dodging
 + Level 16.5 Unarmed Combat


You had 10 spell levels left.
You didn't know any spells.
Your spell library was empty.

Dungeon Overview and Level Annotations

Branches:
Dungeon (1/1)

Altars:
Ashenzari
Cheibriados
Dithmenos
Elyvilon
Fedhas
Gozag
Hepliaklqana
Kikubaaqudgha
Makhleb
Nemelex Xobeh
Okawaru
Qazlal
Ru
Sif Muna
Trog
Uskayaw
Vehumet
Wu Jian
Xom
Yredelemnul
Zin
The Shining One
Jiyva
Lugonu


Innate Abilities, Weirdness & Mutations

You are too large for most types of armour.
You have claws for hands.
Your natural rate of healing is unusually fast.
You are covered in fur. (AC +1)
You have tough skin. (AC +1)


Message History

No target in view!
No target in view!
A yaktaur comes into view.
The yaktaur wields a +0 arbalest.
The yaktaur shoots a bolt.
The bolt barely misses you.
A demonic crawler comes into view.
The demonic crawler gives a hideous shriek!
The demonic crawler hits you! The demonic crawler hits you. x2
The yaktaur shoots a bolt.
The bolt hits you!
You scratch the demonic crawler. You claw the demonic crawler!
The demonic crawler is moderately wounded.
The demonic crawler hits you!
The demonic crawler completely misses you.
The demonic crawler hits you but does no damage.
You mangle the demonic crawler!!
The demonic crawler is severely wounded.
The yaktaur shoots a bolt.
The bolt hits you!
The demonic crawler hits you but does no damage.
The demonic crawler barely misses you. The demonic crawler misses you.
You mangle the demonic crawler!!
You kill the demonic crawler!
Trog accepts your kill. Trog grants you a weapon!
Something appears at your feet!
You see here a +2 heavy battleaxe.
The yaktaur shoots a bolt.
The bolt hits you!!
Your Dodging skill increases to level 14!
You are too injured to fight recklessly!
You are too injured to fight recklessly!
You are too injured to fight recklessly!
You are too injured to fight recklessly!
You are too injured to fight recklessly!
You are too injured to fight recklessly!
The yaktaur shoots a bolt.
The bolt hits you!
The yaktaur shoots a bolt.
The bolt hits you!!
* * * LOW HITPOINT WARNING * * *
The yaktaur shoots a bolt.
The bolt barely misses you.
The yaktaur shoots a bolt.
The bolt hits you!!
* * * LOW HITPOINT WARNING * * *
The yaktaur unwields a +0 arbalest.
The yaktaur hits you!
You die...

## ###########
.###...##....##
..#...##......#
.....####....####
#...##..##..##..##
'...#............#
#...#...†#..#....##+#
)†.)†...........@c..#
#...#....#.)#....##+#
+...#.†..........#
#...##..##..##..##
.....####....####
).#...##......
)###...##....## ##
###########


You could see a yaktaur.

Vanquished Creatures
  A boulder beetle (D)
  A demonic crawler (D)
  Nergalle (D)
  A sea snake (D)
  2 lindwurms (D)
  A cyclops (D)
  A red devil (D)
  A snapping turtle (D)
  A flying skull (D)
  A wraith (D)
  2 wyverns (D)
  A shadow (D)
  A redback (D)
  An acid dragon (D)
  An orc warrior (D)
  An ice beast (D)
  An ogre (D)
  A centaur (D)
  4 wolves (D)
  A phantom (D)
  3 orc priests (D)
  A jelly (D)
  Ijyb (D)
  4 gnolls (D)
  A river rat (D)
  3 ufetubi (D)
  4 orcs (D)
  3 ball pythons (D)
  2 goblins (D)
  A hobgoblin (D)
  2 kobolds (D)
  A bat (D)
  A rat (D)
52 creatures vanquished.

Vanquished Creatures (collateral kills)
  An orc high priest (D)
  A demonic crawler (D)
  A flayed ghost (D)
  A deep troll (D)
  A molten gargoyle (D)
  A kobold demonologist (D)
  An ice devil (D)
  A merfolk (D)
  5 blink frogs (D)
  An acid dragon (D)
  A swamp drake (D)
  An orc warrior (D)
  A black bear (D)
  A kobold brigand (D)
  A bullfrog (D)
  A gnoll sergeant (D)
  A hound (D)
  An orc priest (D)
  An orc wizard (D)
  A river rat (D)
  6 orcs (D)
  An endoplasm (D)
  5 kobolds (D)
36 creatures vanquished.

Grand Total: 88 creatures vanquished

Notes
Turn   | Place    | Note
-------+----------+-------------------------------------------
     0 | D        | sircluck the Troll Berserker began the quest for the Orb.
     0 | D        | Reached XP level 1. HP: 22/22 MP: 0/0
    16 | D        | Reached XP level 2. HP: 25/31 MP: 1/1
    20 | D        | Found a bloodstained altar of Trog.
    20 | D        | Found a shimmering blue altar of Sif Muna.
    20 | D        | Found a viscous altar of Jiyva.
    20 | D        | Found a hazy altar of Hepliaklqana.
    20 | D        | Found an opulent altar of Gozag.
    21 | D        | Found a glowing golden altar of the Shining One.
    21 | D        | Found a glowing silver altar of Zin.
    21 | D        | Found a basalt altar of Yredelemnul.
    21 | D        | Found a shimmering altar of Xom.
    21 | D        | Found an ornate altar of the Wu Jian Council.
    21 | D        | Found a sacrificial altar of Ru.
    21 | D        | Found a stormy altar of Qazlal.
    21 | D        | Found an iron altar of Okawaru.
    21 | D        | Found a sparkling altar of Nemelex Xobeh.
    21 | D        | Found a burning altar of Makhleb.
    21 | D        | Found a blossoming altar of Fedhas.
    21 | D        | Found a white marble altar of Elyvilon.
    21 | D        | Found a shadowy altar of Dithmenos.
    21 | D        | Found a snail-covered altar of Cheibriados.
    25 | D        | Found a corrupted altar of Lugonu.
    25 | D        | Found a radiant altar of Vehumet.
    26 | D        | Found a broken altar of Ashenzari.
    26 | D        | Found an ancient bone altar of Kikubaaqudgha.
    26 | D        | Found a hide-covered altar of Uskayaw.
    72 | D        | Reached ** piety under Trog
    73 | D        | Reached skill level 4 in Unarmed Combat
    98 | D        | Reached *** piety under Trog
   103 | D        | Reached XP level 3. HP: 37/39 MP: 2/2
   149 | D        | Noticed a black bear
   150 | D        | Noticed a gnoll sergeant
   166 | D        | Reached **** piety under Trog
   174 | D        | Reached skill level 5 in Unarmed Combat
   181 | D        | Killed a black bear
   182 | D        | Reached skill level 5 in Fighting
   182 | D        | Reached skill level 5 in Dodging
   182 | D        | Reached skill level 6 in Unarmed Combat
   182 | D        | Reached XP level 4. HP: 19/50 MP: 3/3
   182 | D        | Reached XP level 5. HP: 22/57 MP: 4/4
   190 | D        | Reached skill level 7 in Unarmed Combat
   201 | D        | Reached ***** piety under Trog
   237 | D        | Reached XP level 6. HP: 58/68 MP: 5/5
   261 | D        | Reached skill level 8 in Unarmed Combat
   262 | D        | Noticed a lindwurm
   269 | D        | Killed a lindwurm
   270 | D        | Reached skill level 10 in Unarmed Combat
   270 | D        | Reached XP level 7. HP: 55/81 MP: 6/6
   296 | D        | Noticed Ijyb
   301 | D        | Killed Ijyb
   316 | D        | Noticed an orc high priest
   316 | D        | Noticed a blink frog
   316 | D        | Noticed a blink frog
   316 | D        | Noticed a blink frog
   316 | D        | Noticed a blink frog
   317 | D        | Noticed a blink frog
   318 | D        | Killed a blink frog
   319 | D        | Reached XP level 8. HP: 92/92 MP: 7/7
   320 | D        | Killed a blink frog
   321 | D        | Reached skill level 11 in Unarmed Combat
   321 | D        | Identified the +10 rapier "Ijonnis" {antimagic, *Noise
                  | rPois rC+ Str+2} (Trog gifted it to you in the Dungeon)
   321 | D        | Received a gift from Trog
   323 | D        | Killed a blink frog
   325 | D        | Killed a blink frog
   326 | D        | Reached skill level 10 in Fighting
   326 | D        | Reached skill level 10 in Dodging
   327 | D        | Reached ****** piety under Trog
   329 | D        | Killed an orc high priest
   330 | D        | Reached skill level 12 in Unarmed Combat
   330 | D        | Reached XP level 9. HP: 102/102 MP: 8/8
   331 | D        | Received a gift from Trog
   448 | D        | Noticed a lindwurm
   452 | D        | Reached skill level 13 in Unarmed Combat
   456 | D        | HP: 2/105 [lindwurm/blast of flame (33)]
   467 | D        | Killed a lindwurm
   660 | D        | Noticed a red devil
   666 | D        | Received a gift from Trog
   668 | D        | Killed a red devil
   724 | D        | Reached XP level 10. HP: 115/115 MP: 9/9
   731 | D        | Noticed a molten gargoyle
   741 | D        | Killed a molten gargoyle
   742 | D        | Reached skill level 14 in Unarmed Combat
   829 | D        | Noticed a cyclops
   836 | D        | Killed a cyclops
   840 | D        | Received a gift from Trog
   842 | D        | Noticed Nergalle
   851 | D        | Killed Nergalle
   862 | D        | Noticed a flayed ghost
   872 | D        | Killed a flayed ghost
   872 | D        | Received a gift from Trog
   873 | D        | Reached skill level 15 in Unarmed Combat
   878 | D        | Identified the +7 giant spiked club of Sudden Death {flame,
                  | rElec rPois rCorr} (Trog gifted it to you in the Dungeon)
   878 | D        | Received a gift from Trog
   890 | D        | Noticed a demonic crawler
   893 | D        | Killed a demonic crawler
   914 | D        | Noticed a boulder beetle
   929 | D        | Killed a boulder beetle
   930 | D        | Reached XP level 11. HP: 127/127 MP: 10/10
   932 | D        | Noticed a sea snake
   932 | D        | Noticed a deep troll
   942 | D        | Killed a sea snake
   943 | D        | Reached skill level 16 in Unarmed Combat
   943 | D        | Killed a deep troll
   943 | D        | Received a gift from Trog
  1023 | D        | Noticed a demonic crawler
  1028 | D        | Killed a demonic crawler
  1028 | D        | Received a gift from Trog
  1033 | D        | Slain by a yaktaur

Illustrated notes

Levels and vault maps discovered:
D:        pitsprint [storerooms_1, entrance_room_1, metal_vault_6, armoury_1,
          mini_pit_1, grid_room_1, main_hall_1, silver_pit, the_coven_2,
          the_vestibule_1, steel_vault_1, golden_pit, hallway_of_sentries,
          crystal_vault_6, iron_vault_4, final_vault]

Skill      XL: |  1  2  3  4  5  6  7  8  9 10 11 |
---------------+----------------------------------+-----
Fighting       | 3 5 6 8 9 10 11 13 14 | 14.2
Dodging        | 3 5 6 8 9 10 11 13 14 | 14.1
Unarmed Combat | 4 6 7 10 12 13 15 16 | 16.5

Action                     |  1- 3 |  4- 6 |  7- 9 | 10-12 || total
---------------------------+-------+-------+-------+-------++-------
  Melee: Unarmed           |    36 |    24 |    37 |    56 ||   153
         Punch             |       |       |     4 |     6 ||    10
 Invoke: Brothers in Arms  |     1 |       |     1 |     5 ||     7
         Berserk           |       |       |     1 |     1 ||     2
    Use: Potion            |       |       |     3 |       ||     3
         Scroll            |       |       |     1 |       ||     1
 Armour: Animal skin       |    34 |    20 |    40 |    42 ||   136
  Dodge: Dodged            |    25 |    12 |    25 |    35 ||    97

Table legend: (Time is in decaauts)
 A = Elapsed time spent in this place.
 B = Non-inter-level travel time spent in this place.
 C = Inter-level travel time spent in this place.
 D = Time resting spent in this place.
 E = Time spent auto-exploring this place.
 F = Levels seen in this place.
 G = Mean time per level.
                   A        B        C        D        E       F      G
               +--------+--------+--------+--------+--------+-----+--------+
         Total |   1018 |   1018 |      0 |    345 |    236 |   1 | 1018.0 |
       Dungeon |   1018 |   1018 |      0 |    345 |    236 |   1 | 1018.0 |
               +--------+--------+--------+--------+--------+-----+--------+

Top non-repeatable levels by time:
       D: 1018 daAuts
